 Dungeon Crawl Stone Soup version 0.31-a0-1581-g41d5ff3e7b (webtiles) character file.

Game seed: 906208555017976244

171 GreatBamboolord the Sneak (level 5, -4/33 HPs)
             Began as an Octopode Alchemist on Jan 5, 2024.
             Killed from afar by an orc wizard (7 damage)
             ... with a magic dart
             ... on level 3 of the Dungeon.
             The game lasted 00:07:54 (2958 turns).

GreatBamboolord the Sneak (Octopode Alchemist)      Turns: 2958, Time: 00:07:54

Health: -4/33      AC:  1    Str:  7    XL:     5   Next: 51%
Magic:  16/18      EV: 18    Int: 20    God:
Gold:   148        SH:  0    Dex: 12    Spells: 3/9 levels left

rFire   . . .        a - +0 short sword
rCold   + . .        (no shield)
rNeg    . . .        i - +0 hat
rPois   .            (no amulet)
rElec   .            d - +5 ring of evasion
rCorr   .            e - ring of see invisible
SInv    +            f - ring of protection from cold
Will    .....        k - ring of magical power
Stlth   ++           (no ring)
HPRegen 0.25/turn    (no ring)
MPRegen 0.16/turn    (no ring)
                     (no ring)

%: no passive effects
@: confused, invisible
A: almost no armour, amphibious, 8 rings, camouflage 1, gelatinous body 1,
(nimble swimmer 1), tentacles
a: no special abilities


You were on level 3 of the Dungeon.
You visited 1 branch of the dungeon, and saw 4 of its levels.

You collected 148 gold pieces.

Inventory:

Hand Weapons
 a - a +0 short sword (weapon)
Armour
 i - a +0 hat (worn)
Magical Staves
 b - a staff of alchemy
Jewellery
 d - a +5 ring of evasion (left tentacle)
 e - a ring of see invisible (right tentacle)
 f - a ring of protection from cold (on tentacle)
 k - a ring of magical power (on tentacle)
Scrolls
 c - a scroll of revelation {unknown}
 h - 2 scrolls of teleportation
 j - a scroll of silence
 l - a scroll of vulnerability {unknown}
 m - a scroll of fear {unknown}
 n - a scroll of poison {unknown}
 r - a scroll of fog {unknown}
 s - a scroll of amnesia {unknown}
Potions
 g - 2 potions of attraction
 p - a potion of haste {unknown}
 q - 2 potions of magic


   Skills:
 + Level 1.1 Fighting
 * Level 3.0 Dodging
 * Level 4.1 Stealth
 * Level 2.7 Spellcasting
 + Level 1.5 Conjurations
 * Level 1.4 Air Magic
 * Level 3.9 Alchemy


You had 3 spell levels left.
You knew the following spells:

 Your Spells              Type           Power      Damage    Failure   Level
a - Sting                 Conj/Alch      52%        1d6       4%          1
b - Mercury Vapours       Alch/Air       26%        N/A       8%          2
c - Mephitic Cloud        Conj/Alch/Air  12%        N/A       17%         3

Your spell library contained the following spells:

 Spells                   Type           Power      Damage    Failure   Level
 Momentum Strike          Conj/Tloc      10%        3d8       16%         2
 Blink                    Tloc           4%         N/A       22%         2
 Lesser Beckoning         Tloc           4%         N/A       22%         2
 Gell's Gravitas          Tloc           2%         N/A       41%         3
 Teleport Other           Tloc           2%         N/A       41%         3
 Olgreb's Toxic Radiance  Alch           18%        N/A       28%         4
 Sticky Flame             Fire/Alch      10%        2d5       54%         4


Dungeon Overview and Level Annotations

Branches:
Dungeon (4/15)
 Temple: D:4-7

Altars:
Makhleb
Ru

Annotations:
D:1 2 exclusions


Innate Abilities, Weirdness & Mutations

You cannot wear most types of armour.
You are amphibious.
You can wear up to eight rings at the same time.
Your skin changes colour to match your surroundings (Stealth+).
Your rubbery body absorbs attacks. (AC +1, EV +1)
((You are camouflaged when in or above water. (Stealth+)))
You have tentacles for arms and can constrict up to eight enemies at once.


Message History

The orc wizard hits you with a +0 dagger.
You bump into the rock wall.
The orc wizard looks more healthy.
The orc wizard points at you and mumbles some strange words.
The magic dart hits you.
* * * LOW HITPOINT WARNING * * *
You closely miss the orc wizard.
The orc wizard is heavily wounded.
The orc wizard hits you with a +0 dagger.
* * * LOW HITPOINT WARNING * * *
You hit the orc wizard. Your squeeze misses the orc wizard.
The orc wizard is heavily wounded.
The orc wizard misses you.
You bump into the rock wall.
The orc wizard barely misses you.
The orc wizard hits you with a +0 dagger.
* * * LOW HITPOINT WARNING * * *
Things that are here:
a +0 whip; a +0 whip; an orc corpse You miss the orc wizard.
The orc wizard is heavily wounded.
The orc wizard points at you and mumbles some strange words.
You are more confused.
You bump into the rock wall.
The orc wizard points at you and mumbles some strange words.
You resist with some effort.
You bump into the rock wall.
The orc wizard hits you with a +0 dagger.
* * * LOW HITPOINT WARNING * * *
You closely miss the orc wizard.
The orc wizard is heavily wounded.
The orc wizard hits you with a +0 dagger.
* * * LOW HITPOINT WARNING * * *
You miss the orc wizard.
The orc wizard is heavily wounded.
The orc wizard casts a spell at you. You resist with some effort.
It was a potion of invisibility.
You fade into invisibility!
The orc wizard points at you and mumbles some strange words.
The magic dart hits you!
You die...

....#.##.# #.#
.##.#.#..# #.#
..#.#.#..# #.#
_........# #.#
..#.#.#(.# #.#
.##.#.#..# #.#
....#.#..# #.#
.####.#..###########
#.#
......#.........@o>#
#.#
.######..####.####.#
#.# ..#......# #.#
#.# #.# #...######
#.# #.# #.# .##.##
####'####'##### #.#
.##..#
#.............# #.#
.###.#
#.............# #.#
.# #.##
#.............# #.#
.# #..#
#.............# #.#


You could see an orc wizard (unable to see you).

Vanquished Creatures
  3 iron imps (D:3)
  2 adders
  2 dart slugs
  5 ribbon worms
  2 orcs (D:3)
  4 endoplasms
  5 giant cockroaches
  2 hobgoblins (D:1)
  2 jackals (D:1)
  3 quokkas
  6 ball pythons
  6 bats
  2 frilled lizards
  A goblin (D:1)
  4 kobolds
  8 rats
57 creatures vanquished.

Notes
Turn   | Place    | Note
-------+----------+-------------------------------------------
     0 | D:1      | GreatBamboolord the Octopode Alchemist began the quest for
                  | the Orb.
     0 | D:1      | Reached XP level 1. HP: 11/11 MP: 3/3
   356 | D:1      | Reached skill level 3 in Stealth
   356 | D:1      | Reached XP level 2. HP: 14/17 MP: 0/5
   832 | D:1      | Learned a level 2 spell: Mercury Vapours
  1092 | D:2      | Reached XP level 3. HP: 22/22 MP: 6/6
  1997 | D:2      | Learned a level 3 spell: Mephitic Cloud
  2055 | D:3      | Reached XP level 4. HP: 27/27 MP: 7/7
  2359 | D:3      | Found a sacrificial altar of Ru.
  2453 | D:3      | Found a burning altar of Makhleb.
  2488 | D:3      | Reached skill level 1 in Fighting
  2488 | D:3      | Reached skill level 1 in Air Magic
  2536 | D:3      | Reached skill level 4 in Stealth
  2536 | D:3      | Reached XP level 5. HP: 13/33 MP: 8/8
  2730 | D:3      | Found a faded altar of an unknown god.
  2958 | D:3      | Killed from afar by an orc wizard

Illustrated notes

Levels and vault maps discovered:
D:1:      wander_arrival_desolate, layout_loops_corners, serial_glass,
          glass_columns_a, glass_columns_c, due_unseen_surprise,
          item_on_display_a, item_on_display_b, minmay_strange_pillars
D:2:      layout_loops_ring, chequers_jeans, grunt_ministairs_9,
          nicolae_twisty_statue_hallways
D:3:      layout_basic, demons_altar, nicolae_ru_sacrificial_ziggurat,
          hellmonk_ecumenical_altar_pennies_from_heaven
D:4:      layout_rooms, mainiacjoe_overflow_alcove_2,
          mainiacjoe_overflow_tiny_flanked, kennysheep_mini, serial_shops, shop

Skill      XL: |  1  2  3  4  5 |
---------------+----------------+-----
Stealth        | 3 4 |  4.1
Fighting       | 1 |  1.1
Air Magic      | 1 |  1.4
Dodging        | 3 |  3.0
Spellcasting   | |  2.7
Conjurations   | |  1.5
Alchemy        | |  3.9

Action                     |  1- 3 |  4- 6 || total
---------------------------+-------+-------++-------
  Melee: Short sword       |    35 |    43 ||    78
         Constrict         |     8 |     8 ||    16
         Unarmed           |     2 |       ||     2
         Tentacles         |     4 |    14 ||    18
         Punch             |       |     1 ||     1
   Cast: Sting             |    51 |    24 ||    75
    Use: Scroll            |     3 |       ||     3
         Potion            |       |     1 ||     1
   Stab: Sleeping          |    12 |       ||    12
 Armour: Skin              |    13 |    24 ||    37
  Dodge: Dodged            |    48 |    51 ||    99

Table legend: (Time is in decaauts)
 A = Elapsed time spent in this place.
 B = Non-inter-level travel time spent in this place.
 C = Inter-level travel time spent in this place.
 D = Time resting spent in this place.
 E = Time spent auto-exploring this place.
 F = Levels seen in this place.
 G = Mean time per level.
                   A        B        C        D        E       F      G
               +--------+--------+--------+--------+--------+-----+--------+
         Total |   2955 |   2838 |    117 |     75 |   2217 |   4 |  738.8 |
       Dungeon |   2955 |   2838 |    117 |     75 |   2217 |   4 |  738.8 |
               +--------+--------+--------+--------+--------+-----+--------+

Top non-repeatable levels by time:
     D:1: 1085 daAuts
     D:3: 937 daAuts
     D:2: 926 daAuts
     D:4: 5 daAuts
